 Dungeon Crawl Stone Soup version 0.30-a0-341-g682706514a (webtiles) character file.

Game seed: 17741481331007586992

3026 MackTheKnife the Cleaver (level 9, -1/85 HPs)
             Began as a Naga Fighter on Nov 2, 2022.
             Was a Believer of the Shining One.
             Slain by a gnoll sergeant
             ... wielding a +0 spear
              (2 damage)
             ... on level 6 of the Dungeon.
             The game lasted 00:10:28 (5883 turns).

MackTheKnife the Cleaver (Naga Fighter)             Turns: 5883, Time: 00:10:28

Health: -1/85      AC: 13    Str: 22    XL:     9   Next: 85%
Magic:  18/18      EV:  7    Int: 14    God:    the Shining One [**....]
Gold:   277        SH:  4    Dex: 11    Spells: 8/8 levels left

rFire   . . .      SeeInvis +    A - +10 war axe of Soft Responsibility {vorpal, Fly rElec rC+ Int+2}
rCold   + . .      Faith    .    c - +0 buckler
rNeg    + . .      Spirit   .    b - +0 scale mail
rPois   +          Reflect  .    g - +1 helmet {Int+3}
rElec   +          Harm     .    (no cloak)
rCorr   .          Rampage  .    e - +0 pair of gloves
Will    +....      Clarity  +    (no barding)
Stlth   ..........               (no amulet)
HPRegen 0.34/turn                l - ring of magical power {MP+9}
MPRegen 0.16/turn                I - +4 ring of protection

@: short of breath, flying, glowing, very slow
A: AC +3, large, see invisible, deformed body, poison resistance, slowness 2,
spit poison 2, naga tail 1, clarity
a: Breathe Poison Gas, Renounce Religion, Divine Shield


You were on level 6 of the Dungeon.
You worshipped the Shining One.
The Shining One was pleased with you.
You visited 2 branches of the dungeon, and saw 9 of its levels.

You collected 607 gold pieces.
You spent 330 gold pieces at shops.

Inventory:

Hand Weapons
 A - the +10 war axe of Soft Responsibility (weapon) {vorpal, Fly rElec rC+ Int+2}
   (You found it on level 5 of the Dungeon)

   It inflicts extra damage upon your enemies.
   Int:       It affects your intelligence (+2).
   rC:        It protects you from cold.
   rElec:     It insulates you from electricity.
   Fly:       It grants you flight.
Armour
 b - a +0 scale mail (worn)
 c - a +0 buckler (worn)
 e - a +0 pair of gloves (worn)
   (You found it on level 1 of the Dungeon)
 g - a +1 helmet of intelligence (worn)
   (You found it on level 1 of the Dungeon)
Jewellery
 l - a ring of magical power (left hand) {MP+9}
   (You found it on level 2 of the Dungeon)
 F - a +6 ring of intelligence
   (You found it on level 7 of the Dungeon)
 I - a +4 ring of protection (right hand)
   (You found it on level 6 of the Dungeon)
Wands
 v - a wand of flame (15)
   (You took it off a hobgoblin on level 4 of the Dungeon)
Scrolls
 a - 3 scrolls of identify
 k - a scroll of enchant armour {unknown}
 p - a scroll of summoning
 r - a scroll of brand weapon {unknown}
 s - 2 scrolls of magic mapping {unknown}
 u - 2 scrolls of teleportation {unknown}
 w - a scroll of immolation {unknown}
 E - a scroll of butterflies {unknown}
Potions
 d - 2 potions of might
 f - 3 potions of degeneration {unknown}
 h - 2 potions of flight {unknown}
 i - 3 potions of curing {unknown}
 j - a potion of haste {unknown}
 m - 2 potions of heal wounds
 o - a potion of invisibility
 q - a potion of brilliance {unknown}
 t - 2 potions of attraction {!q}
 x - a potion of magic {unknown}
 B - 2 potions of resistance {unknown}
 K - a potion of berserk rage {unknown}


   Skills:
 - Level 6.6 Fighting
 + Level 11.6 Axes
 - Level 2.4 Armour
 - Level 4.3 Shields


You had 8 spell levels left.
You didn't know any spells.
Your spell library was empty.

Dungeon Overview and Level Annotations

Branches:
Dungeon (8/15)             Temple (1/1) D:5
   Lair: D:8-11

Altars:
Ashenzari
Cheibriados
Dithmenos
Elyvilon
Gozag
Ru
Trog
Uskayaw
Vehumet
Wu Jian
Xom
Yredelemnul
Zin
The Shining One

Shops:
D:3 *   D:5 [

Annotations:
D:3 3 runed translucent doors
D:4 3 runed translucent doors, KayVoo's ghost, novice HOFi
D:7 exclusion: boulder beetle


Innate Abilities, Weirdness & Mutations

Your serpentine skin is tough. (AC +3)
You have supernaturally acute eyesight. (SInv)
Armour fits poorly on your strangely shaped body.
Your system is resistant to poisons. (rPois)
You cover ground very slowly.
You can exhale a cloud of poison.
You have a snake-like lower body.
You possess an exceptional clarity of mind.


Message History

Things that are here:
a +0 dagger; a kobold corpse
There is an open gate here.
You see here a potion of mutation {!q}.
There is an open door here.
You barely miss the hobgoblin. You slash the centaur! You hit the hobgoblin.
You hear a shout!
The hobgoblin hits you but does no damage.
The centaur hits you with a +0 dagger. The centaur kicks you.
You hear a shout!
You take 3 damage, and have 82/85 hp.
You completely miss the centaur. You slash the hobgoblin!
You kill the hobgoblin!
The centaur hits you but does no damage.
The centaur kicks you but does no damage.
The orc wizard points at you and mumbles some strange words.
The magic dart hits you!
The centaur hits you but does no damage.
The centaur kicks you but does no damage.
You slash the centaur!
You kill the centaur!
The orc priest hits you but does no damage.
You take 8 damage, and have 74/85 hp.
The orc wizard mumbles some strange words.
The orc wizard flickers and vanishes for a moment.
The orc priest hits you but does no damage.
You see here 7 gold pieces.
You slice the orc priest!!
You kill the orc priest!
The Shining One accepts your kill.
You slash the orc wizard!
You kill the orc wizard!
You slash the hobgoblin!
You kill the hobgoblin!
Things that are here:
a +0 dagger; a hobgoblin corpse The gnoll sergeant shouts!
The gnoll bouda shouts!
You block the gnoll sergeant's attack.
The gnoll hits you from afar with a +1 vorpal halberd.
The gnoll sergeant hits you from afar with a +2 spear of flaming!
The gnoll sergeant burns you.
There is a large open door, spattered with blood here.
You hit the gnoll sergeant. You slash the kobold!
You kill the kobold!
The gnoll sergeant closely misses you.
The gnoll hits you from afar with a +1 vorpal halberd!
The gnoll bouda calls upon its god to heal the gnoll sergeant.
The gnoll sergeant's wounds heal themselves!
The gnoll sergeant hits you but does no damage.
You are too injured to fight recklessly!
You are too injured to fight recklessly!
You are too injured to fight recklessly!
You are too injured to fight recklessly!
You take 23 damage, and have 51/85 hp.
MASSIVE DAMAGE!!
Aim: a gnoll bouda, wielding a +0 whip and wearing a +0 robe (haloed, 79% to hit)
You exhale a blast of poison gas.
The poison gas engulfs the gnoll bouda.
The gnoll bouda is poisoned.
The gnoll sergeant is engulfed in poison gas.
The gnoll sergeant is poisoned.
The gnoll sergeant hits you from afar with a +2 spear of flaming!
The gnoll sergeant burns you.
The gnoll hits you from afar with a +1 vorpal halberd!
The gnoll bouda is engulfed in poison gas.
The gnoll bouda looks even sicker.
You block the gnoll sergeant's attack.
You take 23 damage, and have 28/85 hp.
MASSIVE DAMAGE!!
The gnoll sergeant attacks as you move away!
The gnoll sergeant hits you with a +0 spear.
* * * LOW HITPOINT WARNING * * *
The gnoll bouda attacks as you move away!
The gnoll bouda barely misses you.
The gnoll bouda is engulfed in poison gas.
The gnoll bouda looks even sicker.
The gnoll sergeant is engulfed in poison gas.
The gnoll sergeant looks even sicker.
The gnoll sergeant hits you from afar with a +0 spear.
* * * LOW HITPOINT WARNING * * *
Things that are here:
a +0 dagger; a hobgoblin corpse You take 8 damage, and have 20/85 hp.
Unknown command.
You slash the gnoll bouda!
You kill the gnoll bouda!
The Shining One accepts your kill.
The gnoll hits you from afar with a +1 vorpal halberd.
* * * LOW HITPOINT WARNING * * *
x2 The gnoll sergeant hits you from afar with a +0 spear.
* * * LOW HITPOINT WARNING * * *
You take 9 damage, and have 11/85 hp.
As you read the scroll of summoning, it crumbles to dust.
Wisps of shadow whirl around you...
The gnoll sergeant hits you with a +2 spear of flaming!
* * * LOW HITPOINT WARNING * * *
The gnoll sergeant burns you.
* * * LOW HITPOINT WARNING * * *
The gnoll barely misses you.
The gnoll sergeant hits you from afar with a +0 spear.
You die...

#..'...!'..........
#..#..>.'..........
#..#....'..........
#..######..)...####
#..#....#♣....##
#..#?...#♣.♣..# #
#.S#....#♣♣...## #
#)$#....#♣P♣...# #
#)@#....#PP.P..# #
#.Og☼○°o#.....## #
#hggo○○.#.....#####
#..#☼°○.#♣.....#...
#..#..:.#♣♣...#....
#..#....#♣....#....
#'g#######♣........
#... . #.........
#.. g. #♣♣.......


You could see 2 gnoll sergeants, a gnoll (ally target), a hobgoblin, a friendly
orc warrior (summoned), a friendly black bear (summoned), a friendly ogre
(summoned), a friendly adder (summoned) and a friendly orc (summoned).

Vanquished Creatures
  A steam dragon (D:5)
  Menkaure (D:7)
  Edmund (D:6)
  3 black bears
  An orc warrior (D:8)
  An ogre (D:6)
  2 centaurs
  A phantom (D:5)
  4 necrophages
  A kobold brigand (D:6)
  2 bullfrogs
  5 scorpions
  5 wights (D:6)
  A howler monkey (D:6)
  A gnoll bouda (D:6)
  4 orc priests
  6 hounds
  2 iguanas
  9 orc wizards
  6 gnolls
  6 adders
  3 white imps (D:6)
  An ufetubus (D:5)
  5 worms
  6 dart slugs
  11 orcs
  9 ball pythons
  3 bats
  2 endoplasms
  4 giant cockroaches
  2 goblins
  10 hobgoblins
  4 jackals (D:3)
  13 kobolds
  2 quokkas
  4 frilled lizards
  5 rats
147 creatures vanquished.

Vanquished Creatures (collateral kills)
  A black bear (D:5)
  An iguana (D:5)
  A worm (D:5)
  A butterfly (D:5)
4 creatures vanquished.

Vanquished Creatures (others)
  16 plants (D:6)
16 creatures vanquished.

Grand Total: 167 creatures vanquished

Notes
Turn   | Place    | Note
-------+----------+-------------------------------------------
     0 | D:1      | MackTheKnife the Naga Fighter began the quest for the Orb.
     0 | D:1      | Reached XP level 1. HP: 21/21 MP: 1/1
   248 | D:1      | Reached XP level 2. HP: 27/28 MP: 2/2
   332 | D:1      | Found a faded altar of an unknown god.
   402 | D:1      | Reached skill level 3 in Axes
   707 | D:2      | Reached XP level 3. HP: 27/34 MP: 3/3
  1000 | D:2      | Reached skill level 3 in Shields
  1325 | D:2      | Reached XP level 4. HP: 41/42 MP: 4/4
  1648 | D:3      | Found Miatyrph's General Store.
  1671 | D:3      | Bought a potion of mutation for 104 gold pieces
  1671 | D:3      | Bought a scroll of identify for 26 gold pieces
  1672 | D:3      | Gained mutation: You are partially covered in iridescent
                  | scales. (AC +2) [potion of mutation]
  1672 | D:3      | Lost mutation: You are partially covered in iridescent
                  | scales. (AC +2) [potion of mutation]
  1672 | D:3      | Gained mutation: You can exhale a cloud of poison. [potion
                  | of mutation]
  1672 | D:3      | Gained mutation: You possess an exceptional clarity of
                  | mind. [potion of mutation]
  1689 | D:3      | Found a runed translucent gate.
  1689 | D:3      | Found a runed translucent gate.
  1691 | D:3      | Found a runed translucent gate.
  1733 | D:3      | Reached skill level 4 in Axes
  2226 | D:3      | Reached XP level 5. HP: 29/49 MP: 5/5
  2744 | D:4      | Found a runed translucent gate.
  2744 | D:4      | Found a runed translucent gate.
  2744 | D:4      | Found a runed translucent gate.
  2794 | D:4      | Reached skill level 4 in Shields
  2909 | D:4      | Reached skill level 5 in Axes
  2909 | D:4      | Reached XP level 6. HP: 36/56 MP: 6/6
  3427 | D:4      | Found a white marble altar of Elyvilon.
  3431 | D:4      | Noticed a black bear
  3441 | D:4      | Killed a black bear
  3442 | D:4      | Reached XP level 7. HP: 35/63 MP: 7/7
  3733 | D:4      | Noticed KayVoo's ghost (novice HOFi)
  3751 | D:5      | Entered Level 5 of the Dungeon
  3773 | D:5      | Reached skill level 4 in Fighting
  3939 | D:5      | Reached skill level 6 in Axes
  4078 | D:5      | Found a staircase to the Ecumenical Temple.
  4079 | D:5      | Identified the +10 war axe of Soft Responsibility {vorpal,
                  | Fly rElec rC+ Int+2}
  4087 | D:5      | Reached skill level 5 in Fighting
  4096 | D:5      | Reached XP level 8. HP: 57/74 MP: 8/8
  4144 | D:5      | Reached skill level 7 in Axes
  4148 | Temple   | Entered the Ecumenical Temple
  4206 | Temple   | Became a worshipper of the Shining One
  4269 | D:5      | Reached skill level 6 in Fighting
  4451 | D:5      | Found a broken altar of Ashenzari.
  4628 | D:5      | Found Kinget's Antique Armour Boutique.
  4636 | D:5      | Bought a runed scarf for 200 gold pieces
  4713 | D:5      | Identified the +0 buckler of Fashionability {rC- rN++
                  | Int+6}
  4853 | D:5      | Reached skill level 8 in Axes
  4956 | D:6      | You are sucked into a shaft and drop 2 floors!
  4988 | D:8      | Reached * piety under the Shining One
  5051 | D:7      | Noticed Menkaure
  5054 | D:7      | Killed Menkaure
  5055 | D:7      | Reached skill level 9 in Axes
  5055 | D:7      | Reached XP level 9. HP: 81/85 MP: 9/9
  5119 | D:7      | Noticed a boulder beetle
  5362 | D:6      | Reached skill level 10 in Axes
  5400 | D:6      | Noticed Edmund
  5411 | D:6      | Killed Edmund
  5671 | D:6      | Reached skill level 11 in Axes
  5673 | D:6      | Reached ** piety under the Shining One
  5881 | D:6      | HP: 20/85 [gnoll sergeant/+0 spear (6)]
  5883 | D:6      | HP: 2/85 [gnoll sergeant/+2 spear of flaming (10)]
  5883 | D:6      | Slain by a gnoll sergeant

Illustrated notes

Levels and vault maps discovered:
D:1:      giann_horns, layout_loops_ring, hellmonk_ecumenical_altar_lost_god
D:2:      layout_loops_cross, bh_walls_and_bars
D:3:      layout_loops_ring, serial_shops, shop_coins, gammafunk_ghost_icy
D:4:      layout_gridville, mainiacjoe_overflow_small_starburst,
          gammafunk_ghost_necromancy
D:5:      layout_loops_ring, kennysheep_mini, minmay_temple_entry_butterflies,
          serial_shops, nicolae_lakefront_shop, corexii_item_surrounded_by_moat
D:6:      kennysheep_housing_project, layout_basic, uniq_edmund
D:7:      layout_loops_ring, uniq_menkaure
D:8:      layout_basic, overflow_temple_1_default, david_lair_shrubbed
Temple:   nicolae_temple_hex_pool

Skill      XL: |  1  2  3  4  5  6  7  8  9 |
---------------+----------------------------+-----
Axes           | 3 4 5 6 9 11 | 11.6
Shields        | 3 4 |  4.3
Fighting       | 5 6 |  6.6
Armour         | |  2.4

Action                   |  1- 3 |  4- 6 |  7- 9 || total
-------------------------+-------+-------+-------++-------
Melee: War axe           |    87 |   160 |   135 ||   382
 Abil: Spit Poison       |     3 |       |       ||     3
       Breathe Poison Ga |       |     7 |     9 ||    16
  Use: Scroll            |       |     4 |     2 ||     6
       Potion            |       |     1 |       ||     1
Armor: Scale mail        |    50 |    89 |    64 ||   203
Dodge: Dodged            |    30 |    66 |    50 ||   146
Block: Buckler           |    12 |    34 |    32 ||    78

Table legend: (Time is in decaauts)
 A = Elapsed time spent in this place.
 B = Non-inter-level travel time spent in this place.
 C = Inter-level travel time spent in this place.
 D = Time resting spent in this place.
 E = Time spent auto-exploring this place.
 F = Levels seen in this place.
 G = Mean time per level.
                   A        B        C        D        E       F      G
               +--------+--------+--------+--------+--------+-----+--------+
         Total |   7540 |   7336 |    204 |    659 |   5424 |   9 |  837.8 |
       Dungeon |   7443 |   7253 |    190 |    659 |   5372 |   8 |  930.4 |
        Temple |     96 |     82 |     14 |      0 |     51 |   1 |   96.0 |
               +--------+--------+--------+--------+--------+-----+--------+

Top non-repeatable levels by time:
     D:4: 1519 daAuts
     D:5: 1376 daAuts
     D:3: 1225 daAuts
     D:2: 1223 daAuts
     D:1: 918 daAuts
     D:6: 793 daAuts
     D:7: 323 daAuts
  Temple: 96 daAuts
     D:8: 63 daAuts

Table legend:
 A = Kills in this place as a percentage of kills in entire the game.
 B = Kills by you in this place as a percentage of kills by you in the entire game.
 C = Kills by friends in this place as a percentage of kills by friends in the entire game.
 D = Other kills in this place as a percentage of other kills in the entire game.
 E = Experience gained in this place as a percentage of experience gained in the entire game.
 F = Experience gained in this place divided by the number of levels of this place that you have seen.
                   A       B       C       D       E      F
               +-------+-------+-------+-------+-------+----------------------
         Total | 100.0 | 100.0 | 100.0 |   N/A | 100.0 | 480.4
       Dungeon | 100.0 | 100.0 | 100.0 |   N/A | 100.0 | 540.5
               +-------+-------+-------+-------+-------+----------------------
